Map: Corrosion EC

Players

HoldTheDoor - Winner!

  • Race: Protoss Protoss
  • League: Diamond
  • Spawn Location: 5:00

Porphyriel

  • Race: Terran Terran
  • League: Diamond
  • Spawn Location: 11:00

VOD

Have the link to the VOD?

Description

Time

  • Played on: July 15, 2018, 4:42 a.m.
  • Length: 19:02
Show
View Real Time Build Order
Export as new Build Order

HoldTheDoor Protoss - Winner!

Build Orders:  

Get SALT Encoding   

  12  0:00  Probe  
  13  0:13  Probe  
  14  0:17  Pylon  
  14  0:25  Probe  
  15  0:34  Probe  
  15  0:35  Gateway  
  15  0:42  Probe  
  16  0:44  Assimilator  
  17  0:52  Probe  
  18  0:57  Assimilator  
  18  1:04  Probe  
  19  1:14  Gateway  
  19  1:16  Probe  
  20  1:29  Cybernetics Core  
  20  1:31  Probe  
  21  1:36  Pylon  
  21  1:43  Probe  
  22  1:55  Probe  
  22  1:56  Stalker x2  
  23  2:01  Pylon  
  27  2:10  Warp Gate  
  27  2:14  Probe  
  28  2:26  Stalker  
  30  2:30  Stalker  
  30  2:33  Probe  
  33  2:47  Probe  
  34  3:13  Probe  
  35  3:23  Robotics Facility  
  35  3:24  Pylon  
  35  4:09  Probe  
  36  4:13  Immortal  
  38  4:40  Stargate  
  38  4:41  Probe  
  38  4:43  Nexus  
  39  4:51  Stalker x2  
  39  4:52  Immortal  
  47  5:02  Pylon  
  47  5:05  Pylon  
  47  5:08  Forge  
  47  5:10  Forge  
  47  5:13  Pylon  
  47  5:17  Pylon  
  47  5:18  Oracle  
  47  5:20  Probe  
  48  5:21  Pylon  
  48  5:27  Shield Battery  
  51  5:32  Probe  
  51  5:33  Protoss Ground Armor Level 1  
  52  5:36  Observer  
  52  5:38  Protoss Shields Level 1  
  53  5:44  Probe  
  54  6:02  Void Ray  
  58  6:05  Probe  
  58  6:07  Probe  
  60  6:11  Assimilator  
  60  6:17  Probe  
  61  6:19  Stalker  
  61  6:23  Stalker  
  65  6:31  Probe x2  
  67  6:54  Stalker x2  
  67  6:56  Probe  
  67  6:58  Probe  
  73  7:05  Assimilator  
  73  7:08  Probe  
  73  7:13  Twilight Council  
  73  7:15  Gateway x2  
  74  7:17  Pylon  
  74  7:20  Probe x2, Pylon  
  74  7:22  Void Ray  
  80  7:32  Immortal  
  80  7:34  Probe  
  80  7:35  Probe  
  86  7:39  Protoss Ground Weapons Level 1  
  86  7:45  Protoss Ground Armor Level 2  
  86  7:46  Probe  
  86  7:47  Probe  
  88  7:58  Probe  
  88  7:59  Probe  
  90  8:09  Stalker x2  
  90  8:11  Pylon  
  94  8:14  Charge  
  94  8:19  Zealot x2  
  98  8:30  Nexus  
  98  8:32  Probe  
  98  8:33  Probe  
  100  8:53  Probe x2  
  102  8:57  Pylon  
  102  8:59  Assimilator  
  102  9:01  Pylon  
  101  9:05  Probe x2  
  94  9:17  Probe x2  
  94  9:19  Pylon  
  96  9:25  Shield Battery  
  96  9:26  Shield Battery  
  96  9:28  Photon Cannon x2  
  96  9:29  Probe x2  
  96  9:30  Photon Cannon  
  98  9:32  Pylon  
  98  9:41  Probe x2  
  98  9:42  Photon Cannon  
  100  9:46  Photon Cannon  
  100  9:52  Photon Cannon  
  100  9:53  Probe  
  100  9:57  Photon Cannon  
  100  9:58  Probe  
  102  10:00  Protoss Ground Armor Level 3, Probe  
  102  10:05  Probe  
  102  10:06  Assimilator  
  104  10:08  Protoss Shields Level 2  
  104  10:10  Photon Cannon  
  104  10:12  Pylon  
  104  10:27  Immortal  
  108  10:34  Void Ray  
  112  10:45  Zealot x3  
  112  10:46  Zealot  
  120  10:52  Templar Archives  
  120  10:54  Gateway  
  120  11:00  Gateway  
  120  11:02  Pylon  
  120  11:07  Observer  
  121  11:12  Zealot x2  
  121  11:13  Zealot x2  
  129  11:26  Probe x2  
  131  11:37  Zealot x3  
  131  11:38  Zealot  
  99  12:00  Zealot x2  
  99  12:01  Zealot x2  
  107  12:03  Void Ray  
  107  12:07  Protoss Ground Weapons Level 2  
  111  12:15  Protoss Air Armor Level 1, Gateway  
  111  12:18  Gateway  
  111  12:20  Gateway  
  111  12:21  Immortal, Gateway  
  115  12:22  Pylon  
  115  12:29  High Templar x4  
  123  12:30  High Templar x2  
  123  12:32  Probe x2  
  129  12:44  Pylon  
  129  12:45  Probe  
  129  12:47  Pylon  
  129  12:50  Assimilator  
  129  12:51  Pylon  
  130  12:54  Pylon  
  130  13:00  Nexus  
  130  13:03  Pylon  
  130  13:04  Protoss Shields Level 3, Probe  
  131  13:09  High Templar x3  
  131  13:10  High Templar x3  
  143  13:13  Archon x6  
  143  13:24  Zealot  
  143  13:25  Zealot  
  143  13:26  Probe  
  148  13:37  Assimilator  
  148  13:39  Photon Cannon  
  148  13:40  Photon Cannon  
  148  13:41  Photon Cannon  
  148  13:42  Photon Cannon  
  148  13:44  Shield Battery x2  
  148  13:46  Shield Battery  
  148  13:48  Shield Battery  
  148  13:49  Pylon  
  148  13:55  Probe, Photon Cannon  
  149  13:57  Photon Cannon  
  149  14:01  Photon Cannon  
  149  14:03  Pylon, High Templar  
  149  14:04  High Templar  
  153  14:14  Photon Cannon  
  153  14:15  Photon Cannon  
  153  14:16  Photon Cannon  
  130  14:17  Photon Cannon  
  130  14:19  Photon Cannon  
  126  14:26  Zealot x4  
  130  14:35  Archon  
  130  14:42  High Templar x3  
  130  14:43  High Templar x3  
  142  14:46  Archon  
  142  14:47  Archon  
  142  14:48  Archon  
  138  15:17  High Templar x6  
  138  15:18  Protoss Ground Weapons Level 3, High Templar x2  
  138  15:21  Zealot x2  
  158  15:24  Archon x2  
  158  15:25  Archon x2  
  158  15:30  Immortal  
  162  15:48  Zealot x2  
  162  15:49  Zealot x4  
  174  15:50  Zealot x4  
  182  16:01  Photon Cannon  
  182  16:03  Photon Cannon  
  182  16:05  Probe x2, Photon Cannon  
  182  16:06  Probe  
  182  16:07  Pylon  
  182  16:09  Pylon  
  185  16:12  Pylon  
  185  16:16  Zealot x5  
  185  16:18  Zealot  
  197  16:32  Pylon  
  197  16:38  Pylon  
  197  16:42  Pylon  
  197  16:48  Pylon  
  197  16:55  Psionic Storm  
  197  16:59  Protoss Air Weapons Level 1  
  197  17:00  High Templar  
  199  17:25  Warp Prism  
  200  17:51  Nexus  
  200  18:00  Pylon  
  200  18:03  Assimilator  
  200  18:06  Pylon  
  200  18:08  Assimilator  
  200  18:10  Pylon  
  200  18:13  Pylon x2  
  200  18:18  Pylon  
  176  18:21  Zealot x2, Pylon  
  176  18:22  Zealot x7  
  176  18:23  Zealot  
Show
View Real Time Build Order
Export as new Build Order

Porphyriel Terran 

Build Orders: Reaper Expand, MMM Bio 

Get SALT Encoding   

  12  0:01  SCV  
  13  0:13  SCV  
  14  0:17  Supply Depot  
  14  0:25  SCV  
  15  0:39  SCV  
  15  0:41  Barracks  
  16  0:50  Refinery  
  16  0:51  SCV  
  17  1:03  SCV  
  18  1:15  SCV  
  19  1:28  Command Center  
  19  1:37  Reaper  
  20  1:40  Orbital Command  
  20  1:58  Barracks, Refinery  
  20  2:10  Supply Depot  
  20  2:11  SCV  
  21  2:23  Barracks Tech Lab  
  21  2:28  Barracks  
  21  2:29  SCV  
  22  2:41  SCV  
  22  2:42  Orbital Command  
  23  2:46  Barracks Reactor  
  23  2:58  Marauder  
  24  3:05  Stimpack  
  24  3:16  Barracks Tech Lab  
  24  3:24  SCV  
  24  3:25  SCV  
  26  3:29  Supply Depot, Marine x2  
  28  3:37  SCV x2  
  30  3:42  Marine  
  28  3:59  Marauder  
  26  4:10  Marine  
  26  4:11  Orbital Command  
  27  4:30  Supply Depot  
  27  4:32  Marine x2  
  29  4:40  Marauder  
  29  4:42  SCV  
  32  4:48  Marauder  
  32  4:51  Concussive Shells  
  34  4:55  Orbital Command  
  34  5:02  Marauder  
  36  5:08  Factory  
  36  5:14  Marauder  
  36  5:20  SCV  
  39  5:23  SCV, Marauder  
  42  5:33  SCV  
  43  5:36  Engineering Bay  
  43  5:41  Engineering Bay, SCV  
  44  5:45  SCV  
  44  5:49  Marauder, Marine x2  
  49  5:56  Starport  
  49  5:58  SCV  
  49  6:02  Combat Shields  
  50  6:05  Factory Reactor  
  50  6:08  SCV  
  51  6:17  Terran Infantry Weapons Level 1  
  51  6:18  Barracks  
  51  6:22  Terran Infantry Armor Level 1  
  51  6:23  SCV  
  48  6:41  Missile Turret  
  48  6:54  SCV x2  
  48  6:59  Medivac x2  
  48  7:00  Refinery  
  48  7:01  Refinery  
  53  7:06  SCV  
  54  7:17  Missile Turret  
  54  7:32  Supply Depot  
  54  7:33  Supply Depot  
  54  7:46  Armory  
  54  7:54  SCV x2, Marine x4, Medivac x2  
  64  8:01  Ghost Academy  
  64  8:06  SCV x2  
  66  8:18  SCV  
  67  8:23  Marauder, Marine  
  70  8:41  Terran Infantry Weapons Level 2  
  70  9:02  Supply Depot  
  70  9:03  Supply Depot  
  70  9:07  Supply Depot, Marauder  
  70  9:09  SCV x2, Marauder, Marine, Medivac x2  
  61  9:21  SCV x2  
  63  9:25  Barracks Tech Lab  
  63  9:28  Marauder, Command Center  
  65  9:33  SCV  
  65  9:35  Barracks  
  66  9:38  Barracks  
  66  9:39  Medivac  
  66  9:44  Ghost  
  70  9:46  Marine x3  
  70  9:49  Marine  
  74  9:55  SCV x2  
  74  9:58  Terran Infantry Armor Level 2  
  76  10:04  Marine x2  
  76  10:06  Factory Tech Lab  
  78  10:15  Medivac x2  
  78  10:17  Marine x3  
  85  10:21  Marine  
  85  10:28  SCV x2  
  88  10:32  Barracks Tech Lab x2  
  88  10:35  Ghost  
  90  10:40  SCV x2, Orbital Command  
  92  10:52  SCV x2, Marauder x3, Marine x2  
  92  10:55  Medivac  
  104  11:02  Terran Infantry Weapons Level 3  
  104  11:04  SCV  
  104  11:05  SCV  
  104  11:06  SCV  
  104  11:10  Refinery  
  107  11:13  Refinery  
  107  11:17  Marauder  
  109  11:22  Missile Turret  
  109  11:24  Marine  
  109  11:25  Marine  
  109  11:29  Marauder  
  71  11:58  Ghost x2  
  71  11:59  Marauder x2  
  71  12:00  Marauder, Marine x2  
  83  12:06  SCV x3  
  86  12:16  Terran Infantry Armor Level 3  
  86  12:18  Marine x2  
  86  12:21  Marauder x3  
  92  12:30  SCV x3  
  95  12:39  Viking x2  
  95  12:42  SCV x3  
  102  12:54  SCV x2  
  102  12:55  SCV  
  102  12:57  Marauder x2  
  109  13:15  Supply Depot  
  109  13:16  Supply Depot  
  109  13:17  Supply Depot  
  109  13:18  Supply Depot  
  109  13:20  Supply Depot  
  109  13:37  SCV x3, Marine x2, Viking x2  
  109  13:38  Ghost x2  
  109  13:39  Marine x3  
  125  13:49  SCV x3, Terran Vehicle And Ship Armor Level 1  
  128  14:00  Marauder x3  
  128  14:01  SCV x3  
  137  14:12  Command Center  
  137  14:13  SCV  
  95  14:45  Starport  
  95  14:46  Marauder x5, Marine x2  
  95  14:47  Starport  
  107  15:04  Marine x2  
  107  15:07  Marine x5  
  102  15:09  Command Center  
  102  15:11  Medivac x2  
  111  15:15  SCV x2  
  113  15:21  Marine  
  113  15:25  Orbital Command  
  113  15:27  SCV  
  115  15:28  SCV  
  116  15:38  Starport Reactor x2  
  116  15:39  SCV  
  116  15:41  SCV  
  118  15:46  Marauder x3, Marine  
  118  15:47  Marauder, Marine  
  128  15:51  SCV  
  129  16:02  Viking x2  
  133  16:08  Supply Depot  
  133  16:09  Supply Depot  
  133  16:15  Viking  
  133  16:16  Viking x2  
  139  16:22  Planetary Fortress  
  139  16:27  SCV x3, Refinery  
  139  16:32  Viking x2  
  146  16:34  Refinery x2  
  146  16:40  Supply Depot  
  146  16:42  Supply Depot  
  146  16:50  Marauder  
  146  16:51  Marauder x2, Marine  
  146  16:52  Supply Depot  
  144  17:01  Hi-Sec Auto Tracking  
  144  17:02  Building Armor  
  144  17:04  Supply Depot  
  144  17:20  Viking x2, Command Center  
  148  17:28  Marauder x3  
  148  17:29  Marine  
  155  18:03  Ghost Academy  
  155  18:08  Ghost Academy  
  155  18:09  Marauder x2, Marine x3  
  58  18:40  Marauder x2, Marine x2  
  58  18:41  Marauder x2, Marine  
Tags
 
Composition
MMM Bio
Matchup
PvT
Spawn Locations
Cross Positions
Add a new tag
Caveats
  • Supply blocks, unpowered buildings, or Contaminate may cause inaccurate times.
  • Supply counts are checked every 10 seconds.